 Dungeon Sprint DCSS version 0.31-a0-700-gf13585253f (webtiles) character file.

Game seed: 510434825014380135

7637 sircluck the Brawler (level 10, -1/119 HPs)
             Began as a Troll Berserker on Sept 7, 2023.
             Was a High Priest of Trog.
             Slain by a redback (2 damage)
             ... in the Dungeon (Sprint I: "Red Sonja").
             The game lasted 00:04:43 (709 turns).

sircluck the Brawler (Troll Berserker)               Turns: 709, Time: 00:04:43

Health: -1/119     AC:  7    Str: 28 (29) XL:     10   Next: 98%
Magic:  9/9        EV: 11    Int:  1      God:    Trog [*****.]
Gold:   144        SH:  0    Dex:  9      Spells: 9/9 levels left

rFire   + +          .
                       - Unarmed
rCold   x x .        (no shield)
rNeg    . . .        n - +1 fire dragon scales
rPois   .            (helmet restricted)
rElec   .            (no cloak)
rCorr   .            (gloves unavailable)
SInv    .            (boots unavailable)
Will    .....        (no amulet) Stlth
                     (no ring)
HPRegen 1.19/turn    (no ring)
MPRegen 0.11/turn

%: no teleportation
@: lethally poisoned (-1 -> -56)
A: large, unfitting armour, claws 3, regeneration 1, shaggy fur 1, tough skin 1,
hooves 1, deformed body, deterioration 1, dopey 1, weak 1, cold vulnerability 1
a: Renounce Religion, Berserk, Trog's Hand, Brothers in Arms


You were in the Dungeon.
You worshipped Trog.
Trog was extremely pleased with you.
You visited 1 branch You collected 985 gold pieces.
You spent 841 gold pieces at shops.

Inventory:

Missiles
 j - 2 curare-tipped darts (quivered)
 o - 4 stones
Armour
 a - a +0 animal skin
 i - a +2 robe of fire resistance
 n - +1 fire dragon scales (worn)
Jewellery
 m - an amulet of regeneration
Wands
 h - a wand of flame (9)
 k - a wand of charming (8)
Scrolls
 g - a scroll of fog {unknown}
 l - a scroll of identify {unknown}
Potions
 b - 3 potions of curing
 c - 2 potions of heal wounds
 d - a potion of haste
 e - 2 potions of magic
 f - a potion of berserk rage


   Skills:
 + Level 13.5 Fighting
 + Level 13.3 Dodging
 + Level 15.6 Unarmed Combat


You had 9 spell levels left.
You didn't know any spells.
Your spell library was empty.

Dungeon Overview and Level Annotations

Branches:
Dungeon (1/1)

Altars:
Cheibriados
Dithmenos
Elyvilon
Fedhas
Gozag
Hepliaklqana
Kikubaaqudgha
Makhleb
Nemelex Xobeh
Okawaru
Qazlal
Ru
Sif Muna
Trog
Uskayaw
Vehumet
Wu Jian
Xom
Yredelemnul
Zin
The Shining One
Jiyva
Lugonu

Shops:
D !**:(*[


Innate Abilities, Weirdness & Mutations

You are too large for most types of armour.
You have claws for hands.
Your natural rate of healing is unusually fast.
You are covered in fur. (AC +1)
You have tough skin. (AC +1)
You have large cloven feet.
Armour fits poorly on your strangely shaped body.
Your body sometimes deteriorates upon taking damage.
You are dopey. (Int -2)
You are weak. (Str -2)
You are vulnerable to cold. (rC-)


Message History

You see here 27 gold pieces.
The redback closely misses you. The redback bites you!
You are poisoned.
The redback poisons you!
You mangle the redback!! You kick the redback, but do no damage.
The redback is severely wounded.
You feel extremely sick. The redback closely misses you.
You closely miss the redback. You claw the redback.
You kill the redback!
Trog accepts your kill.
You feel extremely sick.
You feel extremely sick. The redback bites you! x2
You are more poisoned.
The redback poisons you!
Things that are here:
27 gold pieces; a redback corpse You barely miss the redback.
Your kick misses the redback.
You feel extremely sick. The redback barely misses you.
You claw the redback! You kick the redback.
The redback is heavily wounded.
You feel extremely sick. The redback bites you!
You are more poisoned.
The redback poisons you!
You barely miss the redback.
The redback is heavily wounded.
* * * LOW HITPOINT WARNING * * *
You feel extremely sick. The redback bites you!
* * * LOW HITPOINT WARNING * * *
You scratch the redback. You kick the redback.
The redback is severely wounded.
* * * LOW HITPOINT WARNING * * *
Your body deteriorates!
You feel weakened.
You feel extremely sick. The redback bites you.
You die...

#...#[####§§#####
#..##.#~~§.§#§.#
##'#_.§~§§§§§§.#
.'..._#~~).§#§.#
##_.#'##'#####§###
###)#.#[.).###.'§#
###.####'###.###§#
.'...'.....'.∩##.#
##...###########@#
###.### #s#
#.#'#.# +§#
#.....# #§#
#.....# ####### #
# #


You could see a redback.

Vanquished Creatures
  2 centaur warriors (D)
  Sonja (D)
  A deep troll (D)
  An oklob plant (D)
  7 shining eyes (D)
  2 kobold demonologists (D)
  A hornet (D)
  A slime creature (D)
  Sigmund (D)
  A yak (D)
  A redback (D)
  4 floating eyes (D)
  An ogre (D)
  A jelly (D)
  Ijyb (D)
26 creatures vanquished.

Vanquished Creatures (collateral kills)
  A shining eye (D)
  A floating eye (D)
2 creatures vanquished.

Vanquished Creatures (others)
  2 ballistomycete spores (D)
2 creatures vanquished.

Grand Total: 30 creatures vanquished

Notes
Turn   | Place    | Note
-------+----------+-------------------------------------------
     0 | D        | sircluck the Troll Berserker began the quest for the Orb.
     0 | D        | Reached XP level 1. HP: 22/22 MP: 0/0
     1 | D        | Noticed Ijyb
    11 | D        | Killed Ijyb
    12 | D        | Reached skill level 4 in Unarmed Combat
    12 | D        | Reached XP level 2. HP: 10/32 MP: 1/1
    33 | D        | Noticed an ogre
    36 | D        | Killed an ogre
    37 | D        | Reached skill level 5 in Fighting
    37 | D        | Reached skill level 5 in Dodging
    37 | D        | Reached skill level 6 in Unarmed Combat
    37 | D        | Reached XP level 3. HP: 42/42 MP: 2/2
    37 | D        | Reached XP level 4. HP: 50/50 MP: 3/3
    48 | D        | Noticed Sigmund
    57 | D        | Killed Sigmund
    57 | D        | Reached ** piety under Trog
    58 | D        | Reached skill level 7 in Unarmed Combat
    58 | D        | Reached XP level 5. HP: 60/61 MP: 4/4
    58 | D        | Reached XP level 6. HP: 67/68 MP: 5/5
    82 | D        | Found an ornate altar of the Wu Jian Council.
    82 | D        | Found a shimmering blue altar of Sif Muna.
    83 | D        | Found a burning altar of Makhleb.
    83 | D        | Found a viscous altar of Jiyva.
    83 | D        | Found a shimmering altar of Xom.
    83 | D        | Found a corrupted altar of Lugonu.
    83 | D        | Noticed a slime creature
    91 | D        | Killed a slime creature
    92 | D        | Reached skill level 8 in Unarmed Combat
    94 | D        | Reached skill level 9 in Unarmed Combat
    95 | D        | Found a radiant altar of Vehumet.
   141 | D        | Found Jafiaq's Book Emporium.
   141 | D        | Found an ancient bone altar of Kikubaaqudgha.
   141 | D        | Found a hazy altar of Hepliaklqana.
   141 | D        | Found a hide-covered altar of Uskayaw.
   141 | D        | Found a basalt altar of Yredelemnul.
   141 | D        | Found an opulent altar of Gozag.
   141 | D        | Found a snail-covered altar of Cheibriados.
   141 | D        | Found a sacrificial altar of Ru.
   141 | D        | Found a shadowy altar of Dithmenos.
   141 | D        | Noticed a yak
   143 | D        | Killed a yak
   143 | D        | Reached *** piety under Trog
   144 | D        | Reached XP level 7. HP: 74/80 MP: 6/6
   150 | D        | Found a stormy altar of Qazlal.
   150 | D        | Found a blossoming altar of Fedhas.
   150 | D        | Found a bloodstained altar of Trog.
   150 | D        | Found an iron altar of Okawaru.
   150 | D        | Found a glowing golden altar of the Shining One.
   150 | D        | Found a glowing silver altar of Zin.
   150 | D        | Found a white marble altar of Elyvilon.
   151 | D        | Found a sparkling altar of Nemelex Xobeh.
   161 | D        | Noticed Sonja
   170 | D        | Killed Sonja
   171 | D        | Reached skill level 10 in Unarmed Combat
   171 | D        | Reached XP level 8. HP: 90/92 MP: 7/7
   269 | D        | Noticed a deep troll
   273 | D        | HP: 1/92 [deep troll (14)]
   279 | D        | Killed a deep troll
   280 | D        | Reached skill level 10 in Fighting
   280 | D        | Reached skill level 11 in Unarmed Combat
   300 | D        | Found Qehol's Armour Emporium.
   385 | D        | Bought +1 fire dragon scales for 737 gold pieces
   419 | D        | Noticed a kobold demonologist
   419 | D        | Noticed a kobold demonologist
   425 | D        | Paralysed by a floating eye for 3 turns
   427 | D        | Noticed an orange demon
   429 | D        | Killed a kobold demonologist
   429 | D        | Reached **** piety under Trog
   430 | D        | Reached skill level 10 in Dodging
   430 | D        | Reached skill level 12 in Unarmed Combat
   431 | D        | Reached XP level 9. HP: 78/102 MP: 8/8
   431 | D        | Noticed an orange demon
   439 | D        | Killed a kobold demonologist
   439 | D        | Reached ***** piety under Trog
   465 | D        | Found Gecab's Distillery.
   501 | D        | Noticed a shining eye
   501 | D        | Noticed a shining eye
   501 | D        | Noticed a shining eye
   502 | D        | Noticed a shining eye
   502 | D        | Paralysed by a floating eye for 2 turns
   504 | D        | Killed a shining eye
   505 | D        | Reached skill level 13 in Unarmed Combat
   505 | D        | Noticed a shining eye
   507 | D        | Killed a shining eye
   510 | D        | Killed a shining eye
   511 | D        | Paralysed by a floating eye for 2 turns
   518 | D        | Gained mutation: You are dopey. (Int -2) [a shining eye]
   520 | D        | Killed a shining eye
   521 | D        | Reached XP level 10. HP: 115/115 MP: 9/9
   524 | D        | Killed a shining eye
   525 | D        | Reached skill level 14 in Unarmed Combat
   526 | D        | Noticed a shining eye
   527 | D        | Gained mutation: Your body sometimes deteriorates upon
                  | taking damage. [a shining eye]
   528 | D        | Noticed a shining eye
   528 | D        | Noticed a shining eye
   529 | D        | Gained mutation: You are weak. (Str -2) [a shining eye]
   530 | D        | Gained mutation: You are very weak. (Str -4) [a shining
                  | eye]
   531 | D        | Gained mutation: You are vulnerable to cold. (rC-) [a
                  | shining eye]
   534 | D        | Gained mutation: Armour fits poorly on your strangely
                  | shaped body. [a shining eye]
   534 | D        | Gained mutation: You sometimes lose your temper in combat.
                  | [a shining eye]
   535 | D        | Killed a shining eye
   538 | D        | Killed a shining eye
   538 | D        | Identified the +10 triple sword "Wauloroe" {heavy, rC+
                  | Dex+6 SInv Stlth+} (Trog gifted it to you in the Dungeon)
   538 | D        | Received a gift from Trog
   542 | D        | Killed a shining eye
   549 | D        | Found Uloif's General Store.
   549 | D        | Found Ruwiysm's Weapon Shop.
   549 | D        | Found Jumemor's General Store.
   549 | D        | Found Raczut's General Store.
   606 | D        | Noticed a centaur warrior
   606 | D        | Noticed a centaur warrior
   611 | D        | Killed a centaur warrior
   612 | D        | Reached skill level 15 in Unarmed Combat
   616 | D        | Killed a centaur warrior
   646 | D        | Bought a potion of mutation for 104 gold pieces
   646 | D        | Lost mutation: Your body sometimes deteriorates upon taking
                  | damage. [potion of mutation]
   646 | D        | Lost mutation: You are very weak. (Str -4) [potion of
                  | mutation]
   646 | D        | Lost mutation: You sometimes lose your temper in combat.
                  | [potion of mutation]
   646 | D        | Gained mutation: Your body sometimes deteriorates upon
                  | taking damage. [potion of mutation]
   646 | D        | Gained mutation: You have large cloven feet. [potion of
                  | mutation]
   690 | D        | Noticed an oklob plant
   695 | D        | Killed an oklob plant
   709 | D        | HP: 1/119 [poisoned by a redback]
   709 | D        | Slain by a redback

Illustrated notes

Levels and vault maps discovered:
D:        dungeon_sprint_1 [red_sonja_temple_1, red_sonja_temple_small_1]

Skill      XL: |  1  2  3  4  5  6  7  8  9 10 |
---------------+-------------------------------+-----
Fighting       | 3 5 6 8 9 10 12 13 | 13.5
Dodging        | 3 5 6 8 9 10 11 13 | 13.3
Unarmed Combat | 4 6 7 9 10 12 13 15 | 15.6

Action                     |  1- 3 |  4- 6 |  7- 9 | 10-12 || total
---------------------------+-------+-------+-------+-------++-------
  Melee: Unarmed           |     9 |    18 |    40 |    33 ||   100
         Punch             |     2 |     1 |     5 |     6 ||    14
         Kick              |       |       |       |     6 ||     6
 Invoke: Berserk           |       |       |     1 |     1 ||     2
         Brothers in Arms  |       |       |     1 |       ||     1
  Evoke: Wand              |     1 |     1 |       |       ||     2
    Use: Potion            |       |       |     2 |     1 ||     3
         Scroll            |       |       |     1 |       ||     1
 Armour: Animal skin       |     6 |     3 |       |       ||     9
         Robe              |       |     8 |    17 |       ||    25
         Fire dragon scale |       |       |    25 |    28 ||    53
  Dodge: Dodged            |     2 |     4 |    15 |    13 ||    34

Table legend: (Time is in decaauts)
 A = Elapsed time spent in this place.
 B = Non-inter-level travel time spent in this place.
 C = Inter-level travel time spent in this place.
 D = Time resting spent in this place.
 E = Time spent auto-exploring this place.
 F = Levels seen in this place.
 G = Mean time per level.
                   A        B        C        D        E       F      G
               +--------+--------+--------+--------+--------+-----+--------+
         Total |    708 |    551 |    157 |     90 |    120 |   1 |  708.0 |
       Dungeon |    708 |    551 |    157 |     90 |    120 |   1 |  708.0 |
               +--------+--------+--------+--------+--------+-----+--------+

Top non-repeatable levels by time:
       D: 708 daAuts
